 Dungeon Crawl Stone Soup version 0.31-a0-179-g1846a1fd2d (webtiles) character file.

Game seed: 9708499727128672391

7227 qw the Cleaver (level 11, -10/71 HPs)
             Began as a Gargoyle Fighter on June 18, 2023.
             Was a Believer of Okawaru.
             Killed by the air
             ... invoked by Gastronok
              (34 damage)
             ... on level 10 of the Dungeon.
             The game lasted 00:05:02 (9129 turns).

qw the Cleaver (Gargoyle Fighter)                   Turns: 9129, Time: 00:05:03

Health: -10/71     AC: 29    Str: 27    XL:     11   Next: 12%
Magic:  13/14      EV: 23    Int:  8    God:    Okawaru [**....]
Gold:   479        SH:  6    Dex: 14    Spells: 10/10 levels left

rFire   . . .        Y - +1 war axe (freeze)
rCold   + . .        c - +0 buckler
rNeg    + . .        r - +4 scale mail of Impermeability {rElec rC+ Dex+5}
rPois   inf          q - +0 helmet
rElec   +            o - +1 cloak of Starlight {*Dazzle EV+4 Stlth--}
rCorr   .            m - +1 pair of gloves
SInv    .            u - +0 pair of boots
Will    .....        (no amulet) Stlth
                     p - +5 ring of evasion
HPRegen 0.31/turn    A - +6 ring of strength
MPRegen 0.14/turn

%: no passive effects
@: heroic, slowed, very slow
A: sickness immunity, AC +8, negative energy resistance 1, electricity
resistance, torment resistance 1, petrification resistance, deterioration 1,
weak 2
a: Renounce Religion, Heroism


You were on level 10 of the Dungeon.
You worshipped Okawaru.
Okawaru was pleased with you.
You visited 2 branches of the dungeon, and saw 11 of its levels.
You also visited: Ossuary.

You collected 605 gold pieces.
You spent 126 gold pieces at shops.


Innate Abilities, Weirdness & Mutations

You are immune to sickness and miasma.
Your stone body is resilient. (AC +8)
You are immune to poison.
You resist negative energy. (rN+)
You are resistant to electric shocks. (rElec)
You are resistant to unholy torment.
You are immune to petrification.
Your body sometimes deteriorates upon taking damage.
You are very weak. (Str -4)


   Skills:
 - Level 9.0(14.0) Fighting
 + Level 11.4(16.4) Axes
 - Level 1.5(6.5) Throwing
 - Level 6.0(11.0) Armour
 - Level 3.5(8.5) Dodging
 - Level 5.0(10.0) Shields
 - Level 4.0 Invocations


You had 10 spell levels left.
You didn't know any spells.
Your spell library was empty.

Inventory:

Hand Weapons
 j - a +4 flail of protection
 Y - a +1 war axe of freezing (weapon)
Missiles
 a - 5 boomerangs (quivered)
Armour
 c - a +0 buckler (worn)
 m - a +1 pair of gloves (worn)
 o - the +1 cloak of Starlight (worn) {*Dazzle EV+4 Stlth--}
   (You acquired it on level 7 of the Dungeon)

   *Dazzle:   It may blind those who miss an attack against the wearer in melee
   combat.
   EV:        It affects your evasion (+4).
   Stlth:     It makes you much less stealthy.
 q - a +0 helmet (worn)
 r - the +4 scale mail of Impermeability (worn) {rElec rC+ Dex+5}
   (You found it on level 3 of the Dungeon)

   Dex:       It affects your dexterity (+5).
   rC:        It protects you from cold.
   rElec:     It insulates you from electricity.
 t - a +0 plate armour
 u - a +0 pair of boots (worn)
Jewellery
 f - a ring of resist corrosion
 p - a +5 ring of evasion (left hand)
 A - a +6 ring of strength (right hand)
Scrolls
 h - 2 scrolls of identify
 l - 8 scrolls of teleportation
Potions
 b - 4 potions of lignification
 d - 2 potions of might
 e - a potion of resistance
 g - a potion of enlightenment
 i - 5 potions of curing
 k - a potion of mutation
 n - a potion of haste
 s - 2 potions of heal wounds
 v - a potion of magic
 w - 2 potions of attraction

Dungeon Overview and Level Annotations

Branches:
Dungeon (10/15)            Temple (1/1) D:6         Ossuary (visited)
   Lair: D:8-11         Orc: D:9-12

Altars:
Ashenzari
Cheibriados
Dithmenos
Elyvilon
Fedhas
Gozag
Hepliaklqana
Kikubaaqudgha
Makhleb
Nemelex Xobeh
Okawaru
Qazlal
Ru
Sif Muna
Trog
Uskayaw
Vehumet
Yredelemnul
Zin
The Shining One

Shops:
D:2 :   D:5 ?   D:8 :

Annotations:
D:5 1 runed translucent door, Crazy Yiuf
D:7 2 transporters, qw's ghost, novice GrFi
D:8 3 runed translucent doors, qw's ghost, novice GrFi
D:9 2 runed translucent doors
D:10 Gastronok


Message History

Found a book of Flames.
Found a stone staircase leading up.
There is a stone staircase leading up here.
Gastronok is nearby!
Waypoint 11 assigned to D:10.
9117 ||| INVOKING Heroism.
You gain the combat prowess of a mighty hero.
Gastronok gurgles, "A snack!
A snack!"
Gastronok waves his eye-stalks in wide circles.
The air twists around and strikes you!!
You slash Gastronok! You freeze Gastronok.
Gastronok is lightly wounded.
You slash Gastronok! You freeze Gastronok.
Gastronok is lightly wounded.
You slash Gastronok! You freeze Gastronok.
Gastronok is moderately wounded.
Gastronok mumbles some strange words.
Gastronok puts on a burst of speed!
You hit Gastronok. You freeze Gastronok.
Gastronok is moderately wounded.
You slice Gastronok!! You freeze Gastronok.
Gastronok is heavily wounded.
You slash Gastronok! You freeze Gastronok.
Gastronok is heavily wounded.
Gastronok looks at you and mumbles some strange words.
You feel yourself slow down.
You slash Gastronok! You freeze Gastronok.
Gastronok is heavily wounded.
You slash Gastronok! You freeze Gastronok.
Gastronok is severely wounded.
Gastronok waves his eye-stalks in wide circles.
The air twists around and strikes you!!
You hit Gastronok. You freeze Gastronok.
Gastronok is severely wounded.
You slash Gastronok! You freeze Gastronok.
Gastronok is severely wounded.
Gastronok bubbles merrily.
You slash Gastronok! You freeze Gastronok.
Gastronok is almost dead.
Gastronok waves his eye-stalks in wide circles.
The air twists around and strikes you!!
You die...

#...... ..
#.....#....
#.....#....
#..........
#..........
#....:.....
#..........
#.<........
#..@..####
#...w.#
#.....+
#.....#
#.....#
#.....#
.<....#
#......#


You could see Gastronok (swift).

Vanquished Creatures
  A kobold demonologist (D:8)
  A hornet (D:7)
  A troll (D:9)
  Grinder (D:6)
  Edmund (D:5)
  Menkaure (D:6)
  3 steam dragons
  2 water moccasins
  6 ice beasts
  Duvessa (D:4)
  A black bear (D:6)
  4 orc warriors
  5 ogres
  2 centaurs
  2 phantoms (D:6)
  2 elf zombies (Ossuary)
  19 kobold brigands
  A gnoll sergeant (D:7)
  A bullfrog (D:9)
  6 scorpions
  Dowan (D:4)
  5 wights (D:9)
  4 killer bees (D:9)
  3 howler monkeys
  5 centaur zombies (Ossuary)
  3 orc priests
  5 hounds
  An iguana (D:6)
  5 human zombies (Ossuary)
  A sleepcap (D:7)
  9 orc wizards
  4 mummies
  Robin (D:4)
  11 gnolls
  11 adders
  A shadow imp (D:6)
  3 white imps
  An ufetubus (D:7)
  3 worms
  2 dart slugs
  23 orcs
  5 ball pythons
  5 bats
  5 endoplasms
  6 giant cockroaches
  13 goblins
  15 hobgoblins
  4 jackals (D:5)
  4 quokkas
  4 frilled lizards
  22 kobolds
  11 rats
257 creatures vanquished.

Notes
Turn   | Place    | Note
-------+----------+-------------------------------------------
     0 | D:1      | qw the Gargoyle Fighter began the quest for the Orb.
     0 | D:1      | Reached XP level 1. HP: 14/14 MP: 1/1
     0 | D:1      | 0 ||| qw: Version: 0.3-a-7-ge0c9b40
     0 | D:1      | 0 ||| qw: Game counter: 879
     0 | D:1      | 0 ||| qw: Always use a shield: true
     0 | D:1      | 0 ||| qw: God list: Okawaru
     0 | D:1      | 0 ||| qw: Allow faded altars: false
     0 | D:1      | 0 ||| qw: Do Orc after D:15 true
     0 | D:1      | 0 ||| qw: Do second Lair branch before Depths: true
     0 | D:1      | 0 ||| qw: Lair rune preference: random
     0 | D:1      | 0 ||| qw: Plans: Normal, Zot:1-4, Slime:5, God:TSO, Crypt,
                  | Tomb, Abyss, Pan, Hells, Win
     0 | D:1      | 0 ||| PLANNING D:1-11
    78 | D:1      | Reached skill level 2 in Axes
   114 | D:1      | 114 ||| Stepping ~*~*~tactically~*~*~ (hiding).
   119 | D:1      | Reached XP level 2. HP: 19/19 MP: 2/2
   316 | D:1      | Reached skill level 3 in Axes
   362 | D:1      | 362 ||| Stepping ~*~*~tactically~*~*~ (stealth).
   363 | D:1      | 363 ||| Stepping ~*~*~tactically~*~*~ (stealth).
   368 | D:1      | 368 ||| Stepping ~*~*~tactically~*~*~ (stealth).
   371 | D:1      | Reached XP level 3. HP: 23/23 MP: 3/3
   613 | D:1      | Found a faded altar of an unknown god.
   926 | D:1      | 926 ||| UPGRADING to +1 pair of gloves.
   931 | D:1      | 931 ||| UPGRADING to ring of see invisible.
   932 | D:1      | 932 ||| READING scroll labelled UTIOSU VYCZA.
   937 | D:1      | 937 ||| READING scroll labelled HUEFEQ MI WAOSTRUVU.
   938 | D:1      | 938 ||| READING scroll labelled BAZ ENLOEZAY.
   939 | D:1      | 939 ||| READING scroll labelled YHOMYSUHESK.
   940 | D:1      | 940 ||| READING scroll labelled UTISEH FAEFIX.
  1081 | D:2      | 1081 ||| Stepping ~*~*~tactically~*~*~ (stealth).
  1090 | D:2      | 1090 ||| Stepping ~*~*~tactically~*~*~ (stealth).
  1191 | D:2      | Reached XP level 4. HP: 28/28 MP: 4/4
  1243 | D:2      | Found Waramaym's Book Shoppe.
  1254 | D:2      | Reached skill level 4 in Axes
  1363 | D:2      | 1363 ||| Stepping ~*~*~tactically~*~*~ (hiding).
  1383 | D:2      | 1383 ||| Stepping ~*~*~tactically~*~*~ (stealth).
  1516 | D:2      | Reached XP level 5. HP: 30/32 MP: 5/5
  1816 | D:2      | 1816 ||| UPGRADING to ring of resist corrosion.
  1817 | D:2      | 1817 ||| READING scroll labelled NOSSOC KOUSOY.
  1818 | D:2      | 1818 ||| DRINKING 2 sapphire potions.
  1819 | D:2      | 1819 ||| DRINKING 2 bubbling amethyst potions.
  1819 | D:2      | Gained mutation: Your body sometimes deteriorates upon
                  | taking damage. [potion of mutation]
  1819 | D:2      | Gained mutation: You are weak. (Str -2) [potion of
                  | mutation]
  1819 | D:2      | Gained mutation: You are very weak. (Str -4) [potion of
                  | mutation]
  1875 | D:3      | 1875 ||| STAIRDANCE
  1917 | D:3      | 1917 ||| Stepping ~*~*~tactically~*~*~ (stealth).
  2111 | D:3      | Identified the +4 scale mail of Impermeability {rElec rC+
                  | Dex+5}
  2151 | D:3      | Identified the +3 leather armour of Sif Muna's Inspiration
                  | {Harm Will+ Dex+3}
  2195 | D:3      | Reached skill level 5 in Axes
  2199 | D:3      | HP: 8/32 [gnoll/+0 whip (6)]
  2200 | D:3      | 2200 ||| READING 4 scrolls of teleportation.
  2464 | D:3      | 2464 ||| DROPPING +0 mace.
  2613 | D:3      | 2613 ||| UPGRADING to +0 chain mail.
  2623 | D:3      | 2623 ||| DROPPING +0 scale mail.
  2624 | D:3      | 2624 ||| UPGRADING to +4 scale mail of Impermeability
                  | {rElec rC+ Dex+5}.
  2634 | D:3      | 2634 ||| DROPPING +0 chain mail.
  2635 | D:3      | 2635 ||| UPGRADING to +0 pair of boots.
  2640 | D:3      | 2640 ||| UPGRADING to +5 ring of evasion.
  2642 | D:3      | 2642 ||| UPGRADING to ring of see invisible.
  2644 | D:3      | 2644 ||| DRINKING 2 sedimented puce potions.
  2645 | D:3      | 2645 ||| DRINKING 2 green potions.
  2646 | D:3      | 2646 ||| READING 3 scrolls of identify.
  2646 | D:3      | 2646 ||| IDENTIFYING dark potion
  2647 | D:3      | 2647 ||| READING 2 scrolls of identify.
  2647 | D:3      | 2647 ||| IDENTIFYING black potion
  2648 | D:3      | 2648 ||| DROPPING potion of ambrosia.
  2649 | D:3      | 2649 ||| DROPPING potion of invisibility.
  2659 | D:4      | Noticed an ice beast
  2660 | D:4      | 2660 ||| PLANNING SEWER
  2672 | D:4      | 2672 ||| STAIRDANCE
  2676 | D:3      | Killed an ice beast
  2677 | D:3      | Reached XP level 6. HP: 33/38 MP: 6/6
  2754 | D:4      | 2754 ||| Stepping ~*~*~tactically~*~*~ (stealth).
  2907 | D:4      | Reached XP level 7. HP: 43/43 MP: 7/7
  2982 | D:4      | Noticed Dowan
  2983 | D:4      | Noticed Duvessa
  3002 | D:4      | Killed Duvessa
  3003 | D:4      | Reached skill level 6 in Axes
  3023 | D:4      | Killed Dowan
  3242 | D:4      | 3242 ||| RIP SEWER
  3267 | D:4      | 3267 ||| PLANNING D:1-11
  3278 | D:4      | Reached skill level 7 in Axes
  3502 | D:4      | Noticed Robin
  3503 | D:4      | 3503 ||| Stepping ~*~*~tactically~*~*~ (stealth).
  3512 | D:4      | 3512 ||| Stepping ~*~*~tactically~*~*~ (hiding).
  3514 | D:4      | 3514 ||| Stepping ~*~*~tactically~*~*~ (hiding).
  3519 | D:4      | Killed Robin
  3525 | D:4      | 3525 ||| Stepping ~*~*~tactically~*~*~ (hiding).
  3739 | D:4      | 3739 ||| UPGRADING to +0 helmet.
  3744 | D:4      | 3744 ||| READING scroll labelled VIGUGEKHL YJAQ.
  3745 | D:4      | 3745 ||| READING scroll labelled QUZEPIHYCS.
  3746 | D:4      | 3746 ||| READING 2 scrolls of identify.
  3746 | D:4      | 3746 ||| IDENTIFYING smoky green potion
  3750 | D:5      | Entered Level 5 of the Dungeon
  3751 | D:5      | 3751 ||| PLANNING OSSUARY
  3774 | D:5      | 3774 ||| Stepping ~*~*~tactically~*~*~ (hiding).
  3790 | D:5      | Reached XP level 8. HP: 22/49 MP: 8/8
  3804 | D:5      | 3804 ||| FLEEEEING.
  3931 | D:5      | 3931 ||| Stepping ~*~*~tactically~*~*~ (stealth).
  3933 | D:5      | 3933 ||| Stepping ~*~*~tactically~*~*~ (hiding).
  3943 | D:5      | Reached skill level 1 in Throwing
  4015 | D:5      | 4015 ||| Stepping ~*~*~tactically~*~*~ (stealth).
  4018 | D:5      | 4018 ||| Stepping ~*~*~tactically~*~*~ (hiding).
  4181 | D:5      | Found a runed translucent door.
  4182 | D:5      | Noticed Crazy Yiuf
  4226 | D:5      | Noticed Edmund
  4243 | D:5      | Killed Edmund
  4244 | D:5      | Reached skill level 8 in Axes
  4313 | D:5      | 4313 ||| DROPPING +0 flail.
  4332 | D:5      | 4332 ||| Stepping ~*~*~tactically~*~*~ (stealth).
  4333 | D:5      | 4333 ||| Stepping ~*~*~tactically~*~*~ (stealth).
  4335 | D:5      | 4335 ||| Stepping ~*~*~tactically~*~*~ (stealth).
  4336 | D:5      | 4336 ||| Stepping ~*~*~tactically~*~*~ (stealth).
  4337 | D:5      | 4337 ||| Stepping ~*~*~tactically~*~*~ (stealth).
  4351 | D:5      | Found a sand-covered staircase.
  4356 | D:5      | 4356 ||| READING 3 scrolls labelled ORGHYE GOSASTU.
  4357 | D:5      | 4357 ||| READING 2 scrolls of identify.
  4357 | D:5      | 4357 ||| IDENTIFYING glowing silvery potion
  4358 | D:5      | 4358 ||| DROPPING 2 scrolls of noise.
  4359 | D:5      | 4359 ||| DROPPING potion of brilliance.
  4365 | Ossuary  | Entered an ossuary
  4399 | Ossuary  | Reached skill level 6 in Fighting
  4549 | Ossuary  | Reached XP level 9. HP: 55/55 MP: 9/9
  4557 | Ossuary  | Reached skill level 9 in Axes
  4571 | Ossuary  | 4571 ||| READING scroll labelled DOYS JAINEBI.
  4572 | Ossuary  | 4572 ||| READING 2 scrolls of identify.
  4572 | Ossuary  | 4572 ||| IDENTIFYING glowing red potion
  4582 | D:5      | 4582 ||| PLANNING D:1-11
  4650 | D:5      | Found a blossoming altar of Fedhas.
  4672 | D:5      | Found Tukkyom's Magic Scroll Emporium.
  4680 | D:5      | 4680 ||| BUYING scroll of identify (28 gold).
  4680 | D:5      | Bought a scroll of identify for 28 gold pieces
  4680 | D:5      | 4680 ||| BUYING scroll of identify (28 gold).
  4680 | D:5      | Bought a scroll of identify for 28 gold pieces
  4680 | D:5      | 4680 ||| BUYING scroll of identify (28 gold).
  4680 | D:5      | Bought a scroll of identify for 28 gold pieces
  4680 | D:5      | 4680 ||| BUYING scroll of teleportation (42 gold).
  4680 | D:5      | Bought a scroll of teleportation for 42 gold pieces
  4718 | D:5      | 4718 ||| Stepping ~*~*~tactically~*~*~ (cloud).
  4806 | D:5      | 4806 ||| Stepping ~*~*~tactically~*~*~ (hiding).
  5069 | D:5      | 5069 ||| READING 4 scrolls of identify.
  5069 | D:5      | 5069 ||| IDENTIFYING grey potion
  5070 | D:5      | 5070 ||| READING 3 scrolls of identify.
  5070 | D:5      | 5070 ||| IDENTIFYING fizzy cyan potion
  5071 | D:5      | 5071 ||| READING 2 scrolls of identify.
  5071 | D:5      | 5071 ||| IDENTIFYING red potion
  5072 | D:5      | 5072 ||| DROPPING potion of berserk rage.
  5265 | D:6      | Noticed Menkaure
  5266 | D:6      | 5266 ||| Stepping ~*~*~tactically~*~*~ (hiding).
  5269 | D:6      | 5269 ||| Stepping ~*~*~tactically~*~*~ (hiding).
  5283 | D:6      | Killed Menkaure
  5428 | D:6      | Found a staircase to the Ecumenical Temple.
  5429 | D:6      | 5429 ||| PLANNING TEMPLE
  5429 | D:6      | 5429 ||| DROPPING +4 scale mail.
  5436 | Temple   | Entered the Ecumenical Temple
  5440 | Temple   | 5440 ||| PLANNING OKAWARU WORSHIP
  5531 | Temple   | Became a worshipper of Warmaster Okawaru
  5532 | Temple   | 5532 ||| PLANNING D:1-11
  5574 | D:6      | Noticed Grinder
  5576 | D:6      | Paralysed by Grinder for 3 turns
  5583 | D:6      | 5583 ||| FLEEEEING.
  5584 | D:6      | 5584 ||| FLEEEEING.
  5585 | D:6      | 5585 ||| FLEEEEING.
  5586 | D:6      | 5586 ||| FLEEEEING.
  5587 | D:6      | 5587 ||| FLEEEEING.
  5588 | D:6      | 5588 ||| FLEEEEING.
  5589 | D:6      | Paralysed by Grinder for 2 turns
  5594 | D:6      | 5594 ||| FLEEEEING.
  5595 | D:6      | 5595 ||| FLEEEEING.
  5595 | D:6      | Paralysed by Grinder for 3 turns
  5616 | D:6      | Killed Grinder
  5775 | D:6      | 5775 ||| Stepping ~*~*~tactically~*~*~ (hiding).
  5777 | D:6      | 5777 ||| Stepping ~*~*~tactically~*~*~ (hiding).
  5796 | D:6      | Reached skill level 10 in Axes
  6098 | D:6      | 6098 ||| Stepping ~*~*~tactically~*~*~ (stealth).
  6108 | D:6      | 6108 ||| Stepping ~*~*~tactically~*~*~ (hiding).
  6163 | D:6      | Reached * piety under Okawaru
  6331 | D:7      | Reached skill level 1 in Invocations
  6331 | D:7      | Reached XP level 10. HP: 64/64 MP: 10/10
  6413 | D:7      | 6413 ||| Stepping ~*~*~tactically~*~*~ (hiding).
  6606 | D:7      | 6606 ||| INVOKING Heroism.
  6722 | D:7      | 6722 ||| Stepping ~*~*~tactically~*~*~ (stealth).
  6727 | D:7      | Reached skill level 3 in Invocations
  6735 | D:7      | 6735 ||| INVOKING Heroism.
  6742 | D:7      | Identified the +1 sling of Lust {drain, Str-2 Int+2 Stlth+}
  6768 | D:7      | 6768 ||| SWAPPING to +1 war axe of freezing.
  6769 | D:7      | 6769 ||| DROPPING +0 war axe.
  6836 | D:7      | Found a white marble altar of Elyvilon.
  6873 | D:7      | 6873 ||| INVOKING Heroism.
  7141 | D:7      | Found a transporter.
  7142 | D:7      | Found a transporter.
  7143 | D:7      | Noticed qw's ghost (novice GrFi)
  7225 | D:7      | 7225 ||| UPGRADING to +0 cloak.
  7230 | D:7      | 7230 ||| DROPPING +6 ring of dexterity.
  7231 | D:7      | 7231 ||| UPGRADING to +6 ring of strength.
  7233 | D:7      | 7233 ||| DROPPING ring of see invisible.
  7234 | D:7      | 7234 ||| READING scroll labelled ZYXOSMEAFI.
  7234 | D:7      | Identified a scroll of acquirement
  7234 | D:7      | 7234 ||| ACQUIRING +1 cloak of Starlight {*Dazzle EV+4
                  | Stlth--}
  7234 | D:7      | Acquired the +1 cloak of Starlight {*Dazzle EV+4 Stlth--}
  7234 | D:7      | Found the +1 cloak of Starlight {*Dazzle EV+4 Stlth--}
  7236 | D:7      | 7236 ||| UPGRADING to +1 cloak of Starlight {*Dazzle EV+4
                  | Stlth--}.
  7246 | D:7      | 7246 ||| DROPPING +0 cloak.
  7280 | D:8      | Noticed a kobold demonologist
  7284 | D:8      | Noticed a smoke demon
  7295 | D:8      | Noticed an orange demon
  7296 | D:8      | 7296 ||| INVOKING Heroism.
  7297 | D:8      | Killed a kobold demonologist
  7298 | D:8      | Reached skill level 3 in Dodging
  7316 | D:8      | Reached ** piety under Okawaru
  7334 | D:8      | Reached skill level 11 in Axes
  7458 | D:8      | 7458 ||| Stepping ~*~*~tactically~*~*~ (hiding).
  7460 | D:8      | 7460 ||| Stepping ~*~*~tactically~*~*~ (hiding).
  7470 | D:8      | 7470 ||| FLEEEEING.
  7471 | D:8      | 7471 ||| DRINKING 5 potions of curing.
  7471 | D:8      | 7471 ||| (to cure confusion)
  7484 | D:8      | 7484 ||| Stepping ~*~*~tactically~*~*~ (hiding).
  7521 | D:8      | 7521 ||| Stepping ~*~*~tactically~*~*~ (stealth).
  7522 | D:8      | 7522 ||| INVOKING Heroism.
  7570 | D:8      | Found a runed translucent gate.
  7570 | D:8      | Found a runed translucent gate.
  7570 | D:8      | Found a runed translucent gate.
  7575 | D:8      | 7575 ||| INVOKING Heroism.
  7595 | D:8      | Noticed qw's ghost (novice GrFi)
  7663 | D:8      | Found Ginaecep's Book Boutique.
  7711 | D:8      | 7711 ||| Stepping ~*~*~tactically~*~*~ (stealth).
  8014 | D:8      | Found a radiant altar of Vehumet.
  8026 | D:8      | Found an ancient bone altar of Kikubaaqudgha.
  8232 | D:8      | 8232 ||| READING 2 scrolls of identify.
  8232 | D:8      | 8232 ||| IDENTIFYING blue potion
  8301 | D:9      | Found a runed translucent door.
  8357 | D:9      | 8357 ||| Stepping ~*~*~tactically~*~*~ (hiding).
  8365 | D:9      | Reached skill level 9 in Fighting
  8376 | D:9      | 8376 ||| Stepping ~*~*~tactically~*~*~ (stealth).
  8396 | D:9      | 8396 ||| INVOKING Heroism.
  8405 | D:9      | Reached XP level 11. HP: 52/71 MP: 11/14
  8606 | D:9      | 8606 ||| Stepping ~*~*~tactically~*~*~ (hiding).
  8612 | D:9      | Reached skill level 6 in Armour
  8614 | D:9      | 8614 ||| Stepping ~*~*~tactically~*~*~ (hiding).
  8697 | D:9      | 8697 ||| INVOKING Heroism.
  8908 | D:9      | Found a runed translucent door.
  8963 | D:9      | 8963 ||| INVOKING Heroism.
  9086 | D:9      | 9086 ||| DROPPING ring of magical power.
  9087 | D:9      | 9087 ||| READING scroll labelled RUTUITR ZAUWK.
  9116 | D:10     | Entered Level 10 of the Dungeon
  9116 | D:10     | Noticed Gastronok
  9117 | D:10     | 9117 ||| INVOKING Heroism.
  9129 | D:10     | Killed from afar by Gastronok

Levels and vault maps discovered:
D:1:      ncdulo_smallfort, layout_loops_ring,
          dreamdust_ecumenical_altar_angels_and_demons,
          amcnicky_mini_rare_corridor_liquid, roderic_serpentine_path
D:2:      layout_loops_cross, serial_shops, nicolae_shop_pleasant_corner_grove,
          lexackson_kobold_supper
D:3:      layout_loops_ring
D:4:      layout_cave_pods, portal_sewer_entry_e, minmay_box_of_dots,
          uniq_duvessa, uniq_robin
D:5:      kennysheep_steamy, layout_basic, fedhas_altar_3, serial_shops,
          nicolae_diamond_shop, gup_ossuary_entry_pyramid,
          uniq_crazy_yiuf_cottage, uniq_edmund
D:6:      layout_cave_pods, minmay_temple_entry_slanted, uniq_grinder,
          uniq_menkaure
D:7:      layout_basic, nicolae_elyvilon_peaceful_grove, gammafunk_ghost_smash,
          nicolae_kite_square_tiling_tiny, kennysheep_potato
D:8:      layout_cave_pods, mainiacjoe_overflow_big_doors, special_room
          [special_room_kobold], serial_shops, shop, gammafunk_ghost_necromancy
D:9:      cheibrodos_histonic, layout_basic
D:10:     layout_irregular_city, nzn_wu_jian_council_hall, xom_teletrap_fun,
          due_lair_maze_entry_diamond, hangedman_decor_lopped, uniq_gastronok
Temple:   lightli_temple_of_artemis

Skill      XL: |  1  2  3  4  5  6  7  8  9 10 11 |
---------------+----------------------------------+-----
Axes           | 2 3 4 5 7 8 10 11 | 11.4
Dodging        | 2 3 |  3.5
Fighting       | 4 5 6 8 9 |  9.0
Throwing       | 1 |  1.5
Shields        | 5 |  5.0
Armour         | 4 5 6 |  6.0
Invocations    | 1 4 |  4.0

Action                     |  1- 3 |  4- 6 |  7- 9 | 10-12 || total
---------------------------+-------+-------+-------+-------++-------
  Melee: War axe           |    91 |   129 |   403 |   238 ||   861
  Throw: Boomerang         |    15 |    76 |    90 |    40 ||   221
 Invoke: Heroism           |       |       |       |    10 ||    10
    Use: Scroll            |     5 |     4 |    10 |     3 ||    22
         Potion            |       |     4 |       |     1 ||     5
   Stab: Invisible         |       |     2 |       |     2 ||     4
 Armour: Scale mail        |    48 |    74 |   167 |    87 ||   376
  Dodge: Dodged            |    52 |    63 |   229 |   180 ||   524
  Block: Buckler           |    21 |    29 |    89 |    65 ||   204

Table legend:
 A = Non-vault XP
 B = Vault XP
 C = Vault XP percentage of total XP
 D = Non-vault monster count
 E = Vault monster count
 F = Vault count percentage of total count
                 A         B        C        D         E       F
            +---------+---------+-------+---------+---------+-------
      Total |    6022 |    4303 |  41.7 |     186 |      71 |  27.6
            +---------+---------+-------+---------+---------+-------
        D:1 |      47 |       0 |   0.0 |      27 |       0 |   0.0
        D:2 |     133 |      10 |   7.0 |      26 |       8 |  23.5
        D:3 |     227 |       0 |   0.0 |      15 |       0 |   0.0
        D:4 |     518 |     241 |  31.8 |      20 |      14 |  41.2
        D:5 |     664 |     302 |  31.3 |      24 |       3 |  11.1
        D:6 |    1321 |     434 |  24.7 |      18 |       2 |  10.0
        D:7 |     917 |     523 |  36.3 |      13 |       4 |  23.5
        D:8 |     685 |    2120 |  75.6 |      18 |      25 |  58.1
        D:9 |    1510 |       0 |   0.0 |      25 |       0 |   0.0
    Ossuary |       0 |     673 | 100.0 |       0 |      15 | 100.0
            +---------+---------+-------+---------+---------+-------
